Map: Kairos Junction LE

Players

llllllllllll (GuMiho)

  • Race: Terran Terran
  • League: Master
  • Spawn Location: 5:00

TSGSolar (Solar) - Winner!

  • Race: Zerg Zerg
  • League: Diamond
  • Spawn Location: 11:00

Event: 2019 Assembly Summer

VOD

Have the link to the VOD?

Description

Time

  • Played on: Aug. 3, 2019, 6:54 a.m.
  • Length: 9:16

All games in this series

Show
View Real Time Build Order
Export as new Build Order

llllllllllll Terran 

Build Orders: Gas First Reaper Expand, Hellion Banshee, Mech 

Get SALT Encoding   

  12  0:00  SCV  
  13  0:12  SCV  
  14  0:16  Supply Depot  
  14  0:24  SCV  
  14  0:27  Refinery  
  15  0:38  SCV  
  16  0:44  Barracks  
  16  0:50  SCV  
  17  1:02  SCV  
  18  1:14  SCV  
  19  1:30  Orbital Command  
  19  1:31  Reaper  
  20  1:42  Command Center  
  20  1:53  Factory  
  20  1:57  SCV  
  21  2:05  Barracks Reactor  
  21  2:10  SCV  
  21  2:14  Supply Depot  
  22  2:17  Refinery  
  22  2:22  SCV  
  23  2:35  SCV  
  24  2:41  Starport  
  24  2:45  Hellion  
  24  2:47  Hellion, SCV  
  24  2:50  Marine  
  30  2:57  Orbital Command  
  30  2:59  SCV  
  31  3:07  Hellion  
  31  3:09  Hellion  
  35  3:17  Starport Tech Lab  
  35  3:19  SCV  
  36  3:23  SCV  
  37  3:28  Supply Depot  
  37  3:32  SCV  
  38  3:35  SCV  
  38  3:36  Banshee, Cloaking Field  
  42  3:45  Hellion  
  42  3:46  Hellion  
  46  3:49  SCV  
  46  3:53  SCV  
  44  4:02  SCV  
  45  4:05  SCV  
  45  4:09  Hellion  
  50  4:10  Hellion  
  51  4:17  SCV  
  51  4:18  Command Center  
  51  4:20  Supply Depot  
  52  4:24  Banshee  
  52  4:31  Supply Depot  
  54  4:34  Barracks Tech Lab  
  54  4:35  Armory  
  54  4:42  Hellion, SCV x2  
  54  4:44  Hellion  
  60  4:48  Supply Depot  
  60  4:54  SCV x2  
  62  5:05  Hellion  
  62  5:06  Hellion, SCV x2  
  68  5:10  Banshee  
  71  5:18  SCV x2  
  71  5:19  Factory  
  73  5:21  Factory  
  73  5:30  SCV x2  
  73  5:32  Orbital Command  
  74  5:39  Hellion x2  
  74  5:56  Banshee  
  72  5:58  SCV x2  
  72  6:01  Hellion x2, Refinery  
  72  6:03  Refinery  
  72  6:04  Siege Tank  
  79  6:09  Orbital Command  
  77  6:20  Factory Tech Lab  
  77  6:22  Hellion x2  
  77  6:25  SCV x2  
  79  6:31  Supply Depot x2  
  79  6:32  Supply Depot  
  79  6:36  Siege Tank  
  73  6:43  Hellion  
  67  6:53  Banshee  
  45  7:10  SCV x2  
  45  7:14  Hellion x2  
  45  7:15  Hellion  
  53  7:21  SCV  
  53  7:22  SCV  
  47  7:33  SCV x2  
  49  7:44  Cyclone  
  49  7:50  SCV x2  
  49  7:51  SCV  
  52  7:59  Supply Depot  
  52  8:04  Cyclone  
  52  8:05  Hellion  
  57  8:06  SCV x2  
  57  8:11  SCV  
  54  8:20  SCV x2  
  44  8:34  SCV x2  
  44  8:35  SCV  
  47  8:43  Cyclone  
  47  8:48  SCV  
  51  8:50  SCV  
  51  8:52  SCV  
  53  9:01  SCV  
  59  9:02  SCV  
  59  9:04  SCV  
Show
View Real Time Build Order
Export as new Build Order

TSGSolar Zerg - Winner!

Build Orders: Hatch First 

Get SALT Encoding   

  12  0:01  Drone  
  13  0:13  Overlord  
  13  0:16  Drone  
  14  0:31  Drone x2  
  16  0:48  Hatchery  
  15  0:51  Drone  
  15  0:55  Drone  
  17  0:59  Drone  
  18  1:09  Extractor  
  17  1:14  Spawning Pool  
  17  1:17  Drone  
  17  1:20  Drone  
  18  1:29  Drone  
  19  1:39  Drone  
  20  2:00  Hatchery  
  19  2:01  Queen  
  19  2:03  Zergling x2  
  19  2:04  Zergling x2  
  23  2:11  Queen  
  25  2:17  Overlord  
  25  2:23  Drone  
  25  2:25  Drone  
  25  2:29  Metabolic Boost  
  27  2:33  Drone  
  28  2:37  Drone  
  28  2:39  Drone  
  30  2:46  Queen  
  30  2:49  Drone  
  33  2:51  Drone  
  33  2:54  Drone  
  33  2:57  Drone  
  36  3:01  Overlord  
  36  3:11  Queen  
  38  3:13  Drone  
  38  3:14  Drone  
  38  3:17  Drone  
  42  3:22  Overlord  
  42  3:24  Overlord  
  42  3:27  Drone  
  42  3:30  Queen  
  42  3:31  Zergling x2  
  42  3:33  Drone  
  46  3:35  Zergling x2  
  46  3:37  Zergling x2  
  46  3:39  Drone  
  46  3:41  Drone  
  50  3:43  Zergling x2  
  51  3:49  Drone x2  
  51  3:52  Drone  
  51  3:54  Queen  
  55  4:00  Drone x4  
  58  4:04  Drone, Overlord  
  58  4:05  Drone  
  60  4:15  Roach Warren, Lair  
  58  4:18  Zergling x4  
  58  4:22  Overlord, Extractor x2  
  58  4:25  Spore Crawler  
  58  4:27  Spore Crawler  
  58  4:28  Drone  
  58  4:30  Spore Crawler  
  56  4:32  Drone  
  56  4:33  Drone  
  56  4:34  Drone  
  56  4:37  Drone  
  60  4:40  Overlord  
  60  4:42  Pneumatized Carapace  
  60  4:44  Zergling x2  
  61  4:47  Overlord  
  61  4:55  Drone  
  61  4:57  Roach x3  
  67  5:00  Roach  
  67  5:06  Roach x2  
  73  5:10  Overlord  
  73  5:14  Overseer  
  73  5:18  Roach  
  73  5:19  Overlord  
  73  5:21  Roach  
  77  5:22  Zergling x6  
  77  5:26  Roach  
  82  5:31  Roach x2  
  84  5:37  Roach x2  
  80  5:48  Roach x3  
  80  5:49  Roach  
  84  5:53  Roach  
  86  6:00  Zergling x2  
  86  6:01  Zergling x16  
  91  6:12  Zergling x6  
  92  6:20  Ravager x2  
  92  6:22  Zergling x2  
  92  6:23  Zergling x4  
  96  6:27  Ravager  
  97  6:37  Zergling x6  
  95  6:46  Zergling x6  
  80  6:55  Zergling x12  
  80  7:01  Drone x3  
  82  7:02  Queen  
  82  7:03  Spire  
  82  7:06  Extractor  
  82  7:07  Drone  
  73  7:10  Drone x2  
  74  7:16  Drone  
  74  7:17  Drone  
  74  7:20  Drone  
  74  7:22  Drone  
  72  7:23  Drone x2  
  72  7:26  Drone  
  72  7:29  Drone  
  70  7:31  Drone  
  70  7:33  Drone  
  70  7:34  Drone  
  70  7:35  Drone  
  71  7:37  Drone  
  71  7:40  Drone  
  71  7:42  Queen  
  74  7:44  Drone  
  74  7:45  Extractor  
  74  7:46  Extractor  
  74  7:47  Drone  
  74  7:51  Overlord  
  74  7:52  Drone x3  
  74  7:54  Drone  
  74  7:57  Drone  
  79  8:02  Drone x3  
  79  8:03  Overlord  
  79  8:04  Drone  
  83  8:09  Overlord  
  83  8:13  Overlord  
  83  8:15  Zergling x2  
  83  8:16  Zergling x4  
  81  8:21  Mutalisk x5  
  87  8:28  Mutalisk  
  87  8:30  Mutalisk  
  89  8:36  Mutalisk  
  92  8:49  Drone x2  
  92  8:50  Roach x5  
  104  9:00  Drone x2  
  108  9:05  Evolution Chamber  
  110  9:09  Hatchery  
Tags
 
Add a new tag
Caveats
  • Supply blocks, unpowered buildings, or Contaminate may cause inaccurate times.
  • Supply counts are checked every 10 seconds.